 Dungeon Sprint DCSS version 0.30.1-4-g462c640d31 (webtiles) character file.

Game seed: 5953140590852810864

29204 Heoruswealwe the Ninja (level 13, -5/78 HPs)
             Began as a Spriggan Monk on Sept 9, 2023.
             Was an Initiate of Gozag.
             Killed from afar by Lom Lobon (10 damage)
             ... with a vortex
             ... in the Dungeon (Sprint I: "Red Sonja").
             The game lasted 01:23:12 (3831 turns).

Heoruswealwe the Ninja (Spriggan Monk)              Turns: 3831, Time: 01:23:13

Health: -5/78      AC:  4    Str:  4    XL:     13   Next: 13%
Magic:  9/14       EV: 49    Int: 18    God:    Gozag
Gold:   828        SH:  5    Dex: 26    Spells: 12/12 levels left

rFire   + . .        b - +4 quick blade of Jisy {freeze, rElec Will+ Int+5 Stlth+}
rCold   + . .        (no shield)
rNeg    + . .        c - +2 robe {rC+ rF+}
rPois   +            (helmet restricted)
rElec   +            e - scarf {repulsion}
rCorr   +            (gloves unavailable)
SInv    +            (boots unavailable)
Will    +++++        f - amulet of reflection
Stlth   ++++++++++   h - ring "Qobred" {Fly rPois rN+ Will++ Slay+3}
HPRegen 0.33/turn    g - ring of Gonoa {rCorr Str-3 Dex+5}
MPRegen 0.14/turn

%: no teleportation, repel missiles, reflection
@: silenced, flying, very quick
A: very small, no large weapons, unfitting armour, see invisible, speed 3
a: Renounce Religion


You were in the Dungeon.
You worshipped Gozag.
Gozag was pleased with you.
You visited 1 branch You collected 12374 gold pieces.
You spent 9387 gold pieces at shops.
You donated 36 gold pieces to Zin.
You paid 2123 gold pieces to Gozag.

Inventory:

Hand Weapons
 a - a +6 rapier of flaming
 b - the +4 quick blade of Jisy (weapon) {freeze, rElec Will+ Int+5 Stlth+}
   (You found it in the Dungeon)

   Int:       It affects your intelligence (+5).
   rElec:     It insulates you from electricity.
   Will:      It increases your willpower.
   Stlth:     It makes you more stealthy.
Armour
 c - a +2 robe of resistance (worn)
 e - a scarf of repulsion (worn)
Jewellery
 f - an amulet of reflection (around neck)
 g - the ring of Gonoa (right hand) {rCorr Str-3 Dex+5}
   (You found it in the Dungeon)

   [ring of resist corrosion]

   Str:       It affects your strength (-3).
   Dex:       It affects your dexterity (+5).
   rCorr:     It protects you from acid and corrosion.
 h - the ring "Qobred" (left hand) {Fly rPois rN+ Will++ Slay+3}
   (You found it in the Dungeon)

   [ring of positive energy]

   Slay:      It affects your accuracy & damage with ranged weapons and melee
   (+3).
   rPois:     It protects you from poison.
   rN:        It protects you from negative energy.
   Fly:       It grants you flight.
   Will:      It greatly increases your willpower.
 s - a ring of positive energy
Wands
 i - a wand of digging (7)
 l - a wand of paralysis (4)
 o - a wand of acid (6)
 p - a wand of polymorph (2)
 q - a wand of flame (19)
Scrolls
 j - 2 scrolls of blinking
 w - 7 scrolls of identify
Potions
 d - 15 potions of curing
 m - 2 potions of mutation
 n - a potion of cancellation
Miscellaneous
 k - a box of beasts


   Skills:
 + Level 13.7 Fighting
 + Level 17.5 Short Blades
 * Level 25.8 Dodging
 O Level 27 Stealth


You had 12 spell levels left.
You didn't know any spells.
Your spell library contained the following spells:

 Spells                   Type           Power      Damage    Failure   Level
 Summon Ice Beast         Ice/Summ       0%         N/A       91%         4
 Summon Mana Viper        Hex/Summ       0%         N/A       99%         5
 Malign Gateway           Summ/Tloc      0%         N/A       100%        7
 Monstrous Menagerie      Summ           0%         N/A       100%        7
 Summon Horrible Things   Summ           0%         N/A       100%        8


Dungeon Overview and Level Annotations

Branches:
Dungeon (1/1)

Altars:
Cheibriados
Dithmenos
Elyvilon
Fedhas
Gozag
Hepliaklqana
Kikubaaqudgha
Makhleb
Nemelex Xobeh
Okawaru
Qazlal
Ru
Sif Muna
Trog
Uskayaw
Vehumet
Wu Jian
Xom
Yredelemnul
Zin
The Shining One
Jiyva
Lugonu

Shops:
D **?*(*[(:=[****:!=([**[[*

Annotations:
D Lom Lobon, Tiamat


Innate Abilities, Weirdness & Mutations

You are very small and have problems with some larger weapons.
You are too small for most types of armour.
You have supernaturally acute eyesight. (SInv)
You cover ground extremely quickly. (Speed+++)


Message History

There is an open door here.
There is an open door here.
There is an open door here.
There is an open door here.
Blink to where?
Press: ? - help, Dir - move target You can't see that place. [the floor.]
Okay, then.
As you read the scroll of silence, it crumbles to dust.
A profound silence engulfs you. Lom Lobon hits you!!
You feel your power leaking away.
You hit Lom Lobon but do no damage. You puncture Lom Lobon!
Lom Lobon is lightly wounded.
Lom Lobon gestures.
A freezing vortex appears around Lom Lobon!
You hit Lom Lobon.
Lom Lobon is lightly wounded.
You hit Lom Lobon.
Lom Lobon is lightly wounded.
You miss Lom Lobon.
Lom Lobon is lightly wounded.
You closely miss Lom Lobon.
Lom Lobon is lightly wounded.
* * * LOW HITPOINT WARNING * * *
Lom Lobon gestures. 3 ball lightnings come into view.
The ball lightning explodes!
The blast of lightning engulfs the ball lightning.
The ball lightning completely resists.
The blast of lightning engulfs Lom Lobon.
Lom Lobon completely resists.
The blast of lightning engulfs the ball lightning.
The ball lightning completely resists.
The blast of lightning engulfs you! You resist.
* * * LOW HITPOINT WARNING * * *
You die...
Your body crumbles into a pile of gold.

############################
.§....+∩∩#.§§§&§§#))=[∩....#
.§§§§##..'..#**§§##"[[.....#
#§§§#######§#§§§§§#####....#
###+#|.)##[.#§§§@§#...#....#
#.#.##...#[.##§§§§#.∩.#....#
..#.)#.#.#..≈###+##...#....#
..##[#[#.#..≈...!####+#....#
..#..#.#.#..≈[##'#..§.##...#
+##.##...#..≈##.§§..§§§##°.#
###..#'###..≈#§§.§§§§...#°.#
°###...#.≈..##§....§§§..##○#
°#.###.#.≈..#§§....)§....#°#


You could see Lom Lobon (vortex, unsilenced) and 2 ball lightnings.

Vanquished Creatures
  the Lernaean hydra (D)
  A golden dragon (D)
  A deep elf master archer (D)
  A shadow dragon (D)
  4 fire giants (D)
  A daeva (D)
  A lorocyproca (D)
  A deep elf annihilator (D)
  A mummy priest (D)
  A hydra (D)
  2 centaur warriors (D)
  Sonja (D)
  A deep troll (D)
  A lindwurm (D)
  8 shining eyes (D)
  2 oklob plants (D)
  2 merfolk sirens (D)
  A gargoyle (D)
  4 demonic crawlers (D)
  7 unseen horrors (D)
  2 kobold demonologists (D)
  A hellwing (D)
  2 hornets (D)
  A meliai (D)
  A slime creature (D)
  Sigmund (D)
  13 hogs (D)
  A yak (D)
  2 redbacks (D)
  7 floating eyes (D)
  An ogre (D)
  7 necrophages (D)
  8 jellies (D)
  Ijyb (D)
  A ballistomycete spore (D)
91 creatures vanquished.

Vanquished Creatures (others)
  3 hornets (D)
  A ball lightning (D)
  A ballistomycete spore (D)
5 creatures vanquished.

Grand Total: 96 creatures vanquished

Notes
Turn   | Place    | Note
-------+----------+-------------------------------------------
     0 | D        | Heoruswealwe the Spriggan Monk began the quest for the Orb.
     0 | D        | Reached XP level 1. HP: 11/11 MP: 2/2
     6 | D        | Noticed Ijyb
    16 | D        | Killed Ijyb
    17 | D        | Reached skill level 8 in Stealth
    17 | D        | Reached XP level 2. HP: 16/16 MP: 3/3
    44 | D        | Noticed an ogre
    47 | D        | Killed an ogre
    48 | D        | Reached skill level 13 in Stealth
    48 | D        | Reached XP level 3. HP: 19/19 MP: 4/4
    48 | D        | Reached XP level 4. HP: 23/23 MP: 5/5
    56 | D        | Noticed Sigmund
    59 | D        | Killed Sigmund
    60 | D        | Reached skill level 18 in Stealth
    60 | D        | Reached XP level 5. HP: 27/27 MP: 6/6
    60 | D        | Reached XP level 6. HP: 32/32 MP: 7/7
    71 | D        | Found an ornate altar of the Wu Jian Council.
    71 | D        | Found a shimmering blue altar of Sif Muna.
    73 | D        | Found a radiant altar of Vehumet.
    78 | D        | Reached skill level 19 in Stealth
   110 | D        | Found Opitest's General Store.
   110 | D        | Found an ancient bone altar of Kikubaaqudgha.
   110 | D        | Found a hazy altar of Hepliaklqana.
   110 | D        | Found a stormy altar of Qazlal.
   110 | D        | Found a hide-covered altar of Uskayaw.
   110 | D        | Found a blossoming altar of Fedhas.
   110 | D        | Found a bloodstained altar of Trog.
   110 | D        | Found an iron altar of Okawaru.
   110 | D        | Found a basalt altar of Yredelemnul.
   110 | D        | Found a glowing golden altar of the Shining One.
   110 | D        | Found a snail-covered altar of Cheibriados.
   110 | D        | Found a sacrificial altar of Ru.
   110 | D        | Found a glowing silver altar of Zin.
   110 | D        | Found a shadowy altar of Dithmenos.
   110 | D        | Found a white marble altar of Elyvilon.
   110 | D        | Noticed a yak
   111 | D        | Found an opulent altar of Gozag.
   112 | D        | Killed a yak
   113 | D        | Reached skill level 21 in Stealth
   113 | D        | Found a sparkling altar of Nemelex Xobeh.
   118 | D        | Became a worshipper of Zin the Law-Giver
   118 | D        | Reached * piety under Zin
   118 | D        | Reached ** piety under Zin
   118 | D        | Reached *** piety under Zin
   118 | D        | Reached **** piety under Zin
   118 | D        | Reached ***** piety under Zin
   118 | D        | Reached ****** piety under Zin
   127 | D        | Noticed Sonja
   131 | D        | Killed Sonja
   132 | D        | Reached skill level 24 in Stealth
   132 | D        | Reached XP level 7. HP: 35/35 MP: 8/8
   149 | D        | Found Vookoanar's General Store.
   160 | D        | Noticed a shining eye
   160 | D        | Noticed a shining eye
   160 | D        | Noticed a shining eye
   160 | D        | Noticed a shining eye
   160 | D        | Noticed a shining eye
   160 | D        | Noticed a shining eye
   163 | D        | Reached skill level 25 in Stealth
   163 | D        | Reached XP level 8. HP: 39/39 MP: 9/9
   163 | D        | Noticed a shining eye
   163 | D        | Noticed a shining eye
   164 | D        | Paralysed by a floating eye for 4 turns
   173 | D        | Reached skill level 5 in Dodging
   178 | D        | Paralysed by a floating eye for 3 turns
   185 | D        | Paralysed by a floating eye for 4 turns
   191 | D        | Reached skill level 5 in Short Blades
   194 | D        | Killed a shining eye
   219 | D        | Killed a shining eye
   220 | D        | Reached skill level 5 in Fighting
   220 | D        | Reached skill level 26 in Stealth
   220 | D        | Reached XP level 9. HP: 47/47 MP: 10/10
   237 | D        | Killed a shining eye
   257 | D        | Killed a shining eye
   258 | D        | Reached skill level 10 in Dodging
   274 | D        | Killed a shining eye
   289 | D        | Killed a shining eye
   308 | D        | Killed a shining eye
   309 | D        | Reached skill level 27 in Stealth
   309 | D        | Reached XP level 10. HP: 55/55 MP: 11/11
   326 | D        | Killed a shining eye
   327 | D        | Reached skill level 10 in Short Blades
   337 | D        | Fell from the grace of Zin
   337 | D        | Became a worshipper of Gozag Ym Sagoz the Greedy
   345 | D        | Noticed a deep troll
   406 | D        | Killed a deep troll
   428 | D        | Found Siadgh's Armour Emporium.
   636 | D        | Found Ysec's Assorted Antiques.
   636 | D        | Found Ettosh's Weapon Shop.
   636 | D        | Found Hefrikin's Magic Scroll Emporium.
   636 | D        | Found Xoqipt's Assorted Antiques.
   640 | D        | Bought a potion of haste for 220 gold pieces
   640 | D        | Bought a scroll labelled IKESMU BOSIA for 22 gold pieces
   640 | D        | Bought a scroll labelled HAGRYX CUZINN for 22 gold pieces
   640 | D        | Bought a scroll labelled JOAFACW ETAOP for 22 gold pieces
   640 | D        | Bought a dented jade amulet for 110 gold pieces
   640 | D        | Bought a sapphire ring for 110 gold pieces
   649 | D        | Bought a jewelled gold wand for 92 gold pieces
   649 | D        | Bought a scroll labelled JOAFACW ETAOP for 23 gold pieces
   649 | D        | Bought a potion of heal wounds for 115 gold pieces
   649 | D        | Bought a scroll labelled BUMAJO BOES YXTA for 23 gold
                  | pieces
   649 | D        | Bought a scroll labelled JOAFACW ETAOP for 23 gold pieces
   696 | D        | Found a viscous altar of Jiyva.
   696 | D        | Found a corrupted altar of Lugonu.
   697 | D        | Found a burning altar of Makhleb.
   697 | D        | Found a shimmering altar of Xom.
   758 | D        | Noticed a centaur warrior
   760 | D        | Noticed a centaur warrior
   763 | D        | Killed a centaur warrior
   765 | D        | Killed a centaur warrior
   766 | D        | Reached skill level 15 in Dodging
   810 | D        | Noticed an oklob plant
   812 | D        | Killed an oklob plant
   836 | D        | Reached XP level 11. HP: 62/62 MP: 12/12
  1269 | D        | Identified the ring of Gonoa {rCorr Str-3 Dex+5}
  1328 | D        | Found Nismes's Jewellery Boutique.
  1328 | D        | Found Usileof's Assorted Antiques.
  1328 | D        | Found Giucve's Antique Weapon Emporium.
  1330 | D        | Found Hech's Distillery.
  1330 | D        | Found Raichicsao's Book Shoppe.
  1330 | D        | Found Ketafyang's General Store.
  1330 | D        | Found Affuc's General Store.
  1330 | D        | Found Bargh's Assorted Antiques.
  1330 | D        | Found Egejurgh's Assorted Antiques.
  1330 | D        | Found Deggu's Armour Shop.
  1332 | D        | Bought a scroll labelled TAMIESO GIUF for 21 gold pieces
  1334 | D        | Found Rujeedghe's Jewellery Emporium.
  1335 | D        | Found Teppem's Book Boutique.
  1335 | D        | Found Gug Qoul's Weapon Shoppe.
  1336 | D        | Found Ezycvo's Antique Armour Shop.
  1339 | D        | Bought a scroll labelled IKESMU BOSIA for 25 gold pieces
  1339 | D        | Bought a scroll labelled TAMIESO GIUF for 25 gold pieces
  1339 | D        | Bought a glowing rapier for 175 gold pieces
  1339 | D        | Bought a tourmaline ring for 125 gold pieces
  1339 | D        | Bought a scroll labelled JOAFACW ETAOP for 25 gold pieces
  1340 | D        | Bought a blackened iron ring for 145 gold pieces
  1340 | D        | Bought a sedimented sapphire potion for 26 gold pieces
  1340 | D        | Bought a clear potion for 26 gold pieces
  1346 | D        | Bought a glowing robe for 111 gold pieces
  1346 | D        | Bought a transparent robe for 171 gold pieces
  1346 | D        | Identified the +0 robe of the Thistle {rF+ rC+ Str+2} (You
                  | bought it in a shop in the Dungeon)
  1366 | D        | Bought a scroll of identify for 20 gold pieces
  1366 | D        | Bought a scroll of identify for 20 gold pieces
  1409 | D        | Bought a scroll of identify for 24 gold pieces
  1409 | D        | Bought a scroll of identify for 24 gold pieces
  1445 | D        | Bought a potion of curing for 63 gold pieces
  1445 | D        | Bought a potion of heal wounds for 105 gold pieces
  1448 | D        | Bought a potion of curing for 42 gold pieces
  1448 | D        | Bought a potion of mutation for 112 gold pieces
  1448 | D        | Bought a potion of cancellation for 112 gold pieces
  1448 | D        | Bought a potion of mutation for 112 gold pieces
  1448 | D        | Bought a potion of curing for 42 gold pieces
  1448 | D        | Bought a potion of curing for 42 gold pieces
  1448 | D        | Bought a potion of curing for 42 gold pieces
  1448 | D        | Bought a potion of degeneration for 14 gold pieces
  1448 | D        | Bought a potion of lignification for 42 gold pieces
  1448 | D        | Bought a potion of flight for 42 gold pieces
  1450 | D        | Bought a scroll of summoning for 95 gold pieces
  1451 | D        | Bought a scroll of identify for 26 gold pieces
  1451 | D        | Bought a scroll of enchant weapon for 97 gold pieces
  1451 | D        | Bought a potion of curing for 39 gold pieces
  1451 | D        | Bought a potion of resistance for 130 gold pieces
  1452 | D        | Bought a potion of curing for 75 gold pieces
  1531 | D        | Bought a potion of haste for 120 gold pieces
  1531 | D        | Bought a +0 cloak of poison resistance for 102 gold pieces
  1554 | D        | Bought a scroll of identify for 24 gold pieces
  1554 | D        | Bought a potion of heal wounds for 60 gold pieces
  1554 | D        | Bought a scroll of immolation for 48 gold pieces
  1591 | D        | Reached skill level 10 in Fighting
  1619 | D        | Noticed a lindwurm
  1634 | D        | Killed a lindwurm
  1850 | D        | Bought the +3 robe "Lidot" {rElec Dex+5} for 482 gold
                  | pieces
  1850 | D        | Bought a scroll of torment for 114 gold pieces
  1866 | D        | Bought a scroll of fog for 48 gold pieces
  1866 | D        | Bought a scroll of identify for 24 gold pieces
  1866 | D        | Bought a scroll of poison for 48 gold pieces
  1866 | D        | Bought a scroll of fear for 48 gold pieces
  1866 | D        | Bought a scroll of enchant armour for 90 gold pieces
  1866 | D        | Bought a scroll of blinking for 90 gold pieces
  1866 | D        | Bought a scroll of silence for 114 gold pieces
  2056 | D        | Noticed a 12-headed hydra
  2058 | D        | Killed a 12-headed hydra
  2127 | D        | Noticed a shadow dragon
  2127 | D        | Noticed a golden dragon
  2129 | D        | Killed a golden dragon
  2130 | D        | Killed a shadow dragon
  2131 | D        | Reached XP level 12. HP: 70/70 MP: 13/13
  2143 | D        | Identified the +3 scimitar of Demuahel {antimagic, Dex+3}
  2213 | D        | Found Setsedgh's Antique Armour Shoppe.
  2235 | D        | Bought a runed scarf for 136 gold pieces
  2235 | D        | Bought the +0 toga "Victory" {*Victory Clar} for 1020 gold
                  | pieces
  2235 | D        | Found the +0 toga "Victory" {*Victory Clar}
  2311 | D        | Noticed a lorocyproca
  2313 | D        | Killed a lorocyproca
  2314 | D        | Reached skill level 15 in Short Blades
  2568 | D        | Bought a wand of digging (6) for 579 gold pieces
  2640 | D        | Noticed a daeva
  2688 | D        | Noticed a fire giant
  2691 | D        | Noticed a fire giant
  2692 | D        | Noticed a fire giant
  2693 | D        | Noticed a fire giant
  2695 | D        | Killed a fire giant
  2699 | D        | Killed a fire giant
  2702 | D        | Killed a fire giant
  2704 | D        | Killed a fire giant
  2749 | D        | Found the +4 dragonskin cloak
  2749 | D        | Noticed Tiamat
  2779 | D        | Killed a daeva
  2877 | D        | Bought a ring of flight for 245 gold pieces
  2882 | D        | Bought an amulet of reflection for 390 gold pieces
  2885 | D        | Bought the +1 robe of Loss {-Tele Int+5 Dex+3 Slay+3} for
                  | 421 gold pieces
  2885 | D        | Bought a +1 robe of willpower for 152 gold pieces
  3023 | D        | Bought a translucent short sword for 208 gold pieces
  3023 | D        | Identified the +0 short sword "With Two Names" {elec, rElec
                  | Dex+3} (You bought it in a shop in the Dungeon)
  3023 | D        | Bought a jewelled ivory wand for 104 gold pieces
  3023 | D        | Bought an encrusted copper wand for 104 gold pieces
  3023 | D        | Bought a wand of flame (7) for 127 gold pieces
  3023 | D        | Bought a potion of curing for 78 gold pieces
  3025 | D        | Bought a pitted scarf for 340 gold pieces
  3025 | D        | Identified the scarf of Eternal Night {harm, rF+} (You
                  | bought it in a shop in the Dungeon)
  3082 | D        | Noticed a deep elf annihilator
  3083 | D        | Noticed a mummy priest
  3085 | D        | Killed a deep elf annihilator
  3201 | D        | Killed a mummy priest
  3423 | D        | Bought a bloodstained orb for 476 gold pieces
  3423 | D        | Identified the orb of the Frog {*Rage, rElec} (You bought
                  | it in a shop in the Dungeon)
  3423 | D        | Bought an embroidered scarf for 272 gold pieces
  3448 | D        | Noticed the 27-headed Lernaean hydra
  3452 | D        | Killed the 27-headed Lernaean hydra
  3453 | D        | Reached XP level 13. HP: 77/77 MP: 14/14
  3453 | D        | Noticed a deep elf master archer
  3458 | D        | Killed a deep elf master archer
  3544 | D        | Identified the +1 flail "Piotta" {heavy, rF+}
  3550 | D        | Noticed Lom Lobon
  3552 | D        | Identified the +4 quick blade of Jisy {freeze, rElec Will+
                  | Int+5 Stlth+}
  3693 | D        | Identified the ring "Qobred" {Fly rPois rN+ Will++ Slay+3}
  3774 | D        | Bought a twisted ivory wand for 84 gold pieces
  3774 | D        | Bought a scroll of brand weapon for 199 gold pieces
  3774 | D        | Bought a potion of curing for 63 gold pieces
  3831 | D        | Killed from afar by Lom Lobon

Illustrated notes

Levels and vault maps discovered:
D:        dungeon_sprint_1 [red_sonja_temple_1, red_sonja_temple_small_1]

Skill      XL: |  1  2  3  4  5  6  7  8  9 10 11 12 |
---------------+-------------------------------------+-----
Stealth        | 8 13 18 24 25 26 27 | 27.0
Fighting       | 5 7 9 11 13 | 13.7
Short Blades   | 7 9 12 14 17 | 17.5
Dodging        | 8 11 16 21 25 | 25.8

Action                     |  1- 3 |  4- 6 |  7- 9 | 10-12 | 13-15 || total
---------------------------+-------+-------+-------+-------+-------++-------
  Melee: Short sword       |     8 |     4 |   111 |   208 |       ||   331
         Punch             |       |       |     4 |    10 |       ||    14
         Rapier            |       |       |       |   131 |     1 ||   132
         Quick blade       |       |       |       |       |     6 ||     6
 Invoke: Call Merchant     |       |       |       |     2 |     1 ||     3
  Evoke: Wand              |     1 |       |       |     5 |       ||     6
    Use: Potion            |     1 |       |       |    11 |       ||    12
         Scroll            |       |       |       |    18 |     2 ||    20
   Stab: Sleeping          |     2 |     4 |     3 |    39 |     1 ||    49
         Distracted        |       |       |       |     5 |       ||     5
 Armour: Robe              |       |       |       |     5 |       ||     5
  Dodge: Dodged            |     3 |       |       |   234 |       ||   237
  Block: Other             |       |       |       |     8 |       ||     8
